 Dungeon Crawl Stone Soup version 0.21-a0-471-gd587bd5 (webtiles) character file.

2196 nikopol the Thaumaturge (level 9, -8/46 HPs)
             Began as a Deep Elf Fire Elementalist on Nov 21, 2017.
             Was a Priest of Sif Muna.
             Mangled by an orc warlord
             ... wielding a +0 war axe
              (27 damage)
             ... in a bailey.
             The game lasted 00:28:53 (7582 turns).

nikopol the Thaumaturge (DEFE)                      Turns: 7582, Time: 00:28:54

Health: -8/46      AC:  4    Str:  5    XL:     9   Next: 12%
Magic:  15/24      EV: 14    Int: 24    God:    Sif Muna [***...]
Gold:   306        SH:  0    Dex: 15    Spells: 16/27 levels left

rFire    . . .     SeeInvis .   r - +1 dagger (holy)
rCold    . . .     Gourm    .   (no shield)
rNeg     . . .     Faith    +   a - +0 robe
rPois    .         Spirit   .   (no helmet)
rElec    .         Reflect  .   l - +1 cloak
rCorr    .         Harm     .   (no gloves)
MR       .....                  (no boots)
Stlth    +++.......             n - amulet of faith
HPRegen  0.15/turn              (no ring)
MPRegen  0.19/turn              (no ring)

@: no status effects
A: no striking features
a: Divine Energy, Channel Magic, Renounce Religion


You were in a bailey.
You worshipped Sif Muna.
Sif Muna was most pleased with you.
You were hungry.

You visited 2 branches of the dungeon, and saw 8 of its levels.
You also visited: Bailey.

You collected 306 gold pieces.

Inventory:

Hand Weapons
 j - a +0 dagger
 r - a +1 dagger of holy wrath (weapon)
Armour
 a - a +0 robe (worn)
 l - a +1 cloak (worn)
Jewellery
 n - an amulet of faith (around neck)
 w - an uncursed amulet of magic regeneration
Wands
 e - a wand of clouds (5)
 C - a wand of paralysis (11)
Scrolls
 g - a scroll of fog
 h - a scroll of enchant weapon
 i - 4 scrolls of teleportation
 k - 3 scrolls of enchant armour
 m - 4 scrolls of fear
 t - a scroll of remove curse
 x - a scroll of blinking {unknown}
 y - a scroll of magic mapping
 A - a scroll of silence {unknown}
 B - a scroll of random uselessness {unknown}
 E - 2 scrolls of identify
Potions
 o - 3 potions of might
 p - 3 potions of mutation
 q - 4 potions of curing
 s - a potion of flight {unknown}
 u - a potion of lignification {unknown}
 v - a potion of ambrosia {unknown}
 z - a potion of haste {unknown}
 D - a potion of agility {unknown}
 F - a potion of resistance {unknown}
Books
 b - a book of Flames

   Spells                             Type                      Level
   a - Flame Tongue                   Conjuration/Fire             1
   b - Throw Flame                    Conjuration/Fire             2
   c - Conjure Flame                  Conjuration/Fire             3
   d - Inner Flame                    Hexes/Fire                   3
   e - Sticky Flame                   Conjuration/Fire             4
   f - Fireball                       Conjuration/Fire             5
Comestibles
 c - 5 bread rations
 d - a meat ration
 f - 5 royal jellies
 G - a chunk of flesh


   Skills:
 + Level 0.7 Fighting
 + Level 4.0 Dodging
 + Level 4.3 Stealth
 + Level 9.5 Spellcasting
 + Level 6.5 Conjurations
 + Level 8.0 Fire Magic


You had 16 spell levels left.
You knew the following spells:

 Your Spells              Type           Power        Failure   Level  Hunger
a - Flame Tongue          Conj/Fire      #####        1%          1    None
b - Throw Flame           Conj/Fire      #####.       1%          2    None
c - Conjure Flame         Conj/Fire      #####...     1%          3    None
d - Fireball              Conj/Fire      #####.....   8%          5    ####...


Dungeon Overview and Level Annotations

Branches:
Dungeon (7/15)             Temple (1/1) D:4

Altars:
Ashenzari
Cheibriados
Dithmenos
Elyvilon
Fedhas
Gozag
Hepliaklqana
Kikubaaqudgha
Nemelex Xobeh
Okawaru
Qazlal
Sif Muna
Trog
Uskayaw
Xom
The Shining One

Shops:
D:7 !


Message History

Aiming: Fireball
Press: ? - help, Shift-Dir - straight line, f/p - orc warlord
Aim: an orc warlord, wielding a war axe and wearing a chain mail (moderately wounded)
The fireball explodes!
The fireball engulfs the orc warlord.
The orc warlord is heavily wounded.
There is an open door here.
You see here 3 tomahawks of returning.
Things that are here:
a hand axe; a leather armour
Items here: )) [[ a hand axe; a leather armour; a war axe; a chain mail
There is an open door, spattered with blood here.
You see here 2 tomahawks of returning.
There is an open door here.
Things that are here:
4 tomahawks of returning; a kobold skeleton You are feeling hungry.
The orc warlord hits you with a war axe!!
Ouch! That really hurt!
You die...

#...'≈≈.........#.....(......♣
#...'≈≈....∩....#....('..(∩.∩♣
#...'≈≈.........#.....'......♣
#...##≈8.8...8.8##....#.....♣♣
##....#≈........?g#....##....♣
##.....#≈≈#≈.....=≈#.....##...♣
#......####≈≈≈#≈≈≈##......##≈≈♣
...8......#########.(......#≈≈♣
..........'.....@o...8..8..#≈≈♣
..........#≈≈≈≈≈#.....)....#≈≈♣
#..8..8...#≈≈≈≈≈#.........##≈≈♣
##.......##≈≈≈≈≈##...8...##≈≈≈♣
##.....##..(.(..##.).).## ≈≈♣♣
##...##.........##...##
#####♣♣♣.....♣♣♣##### ♣♣♣∩♣♣♣


You could see an orc warlord.

Vanquished Creatures
  Eustachio (D:6)
  A water moccasin (D:7)
  2 orc warriors (Bailey)
  A black bear (D:5)
  2 ogres
  A sky beast (D:6)
  A bullfrog (D:6)
  A gnoll sergeant (D:5)
  A wyvern skeleton (D:6)
  3 scorpions
  4 hounds
  4 orc priests
  3 jellies (D:5)
  7 orc wizards
  2 centaur skeletons
  Ijyb (D:3)
  4 worker ants
  A killer bee zombie (D:6)
  A hound skeleton (D:6)
  9 gnolls (D:5)
  A howler monkey skeleton (D:4)
  9 adders
  2 worms
  A dart slug (D:3)
  6 leopard geckos
  21 orcs
  11 bats
  3 giant cockroaches
  16 goblins
  8 hobgoblins
  7 jackals
  25 kobolds
  3 quokkas
  2 ball pythons
  4 frilled lizards
  A quokka skeleton (D:5)
  A quokka zombie (D:5)
  13 rats
184 creatures vanquished.

Notes
Turn   | Place    | Note
-------+----------+-------------------------------------------
     0 | D:1      | nikopol the Deep Elf Fire Elementalist began the quest for the Orb.
     0 | D:1      | Reached XP level 1. HP: 10/10 MP: 6/6
   136 | D:1      | Reached XP level 2. HP: 15/15 MP: 3/8
   482 | D:1      | Learned a level 2 spell: Throw Flame
   638 | D:1      | Reached XP level 3. HP: 19/19 MP: 7/10
   684 | D:2      | Reached skill level 4 in Spellcasting
   738 | D:2      | Learned a level 3 spell: Conjure Flame
  1203 | D:2      | Reached XP level 4. HP: 24/24 MP: 7/12
  1888 | D:3      | Noticed Ijyb
  1897 | D:3      | Killed Ijyb
  1897 | D:3      | Reached skill level 5 in Spellcasting
  1897 | D:3      | Reached XP level 5. HP: 28/28 MP: 5/14
  1907 | D:3      | Learned a level 5 spell: Fireball
  2601 | D:4      | Noticed an ogre
  2669 | D:4      | Killed an ogre
  2669 | D:4      | Reached skill level 5 in Fire Magic
  2669 | D:4      | Reached XP level 6. HP: 32/32 MP: 7/16
  3091 | D:4      | Reached skill level 6 in Spellcasting
  3140 | D:4      | Found a staircase to the Ecumenical Temple.
  3149 | Temple   | Entered the Ecumenical Temple
  3157 | Temple   | Became a worshipper of Sif Muna the Loreminder
  3375 | D:5      | Entered Level 5 of the Dungeon
  3472 | D:5      | Reached XP level 7. HP: 36/36 MP: 7/18
  3857 | D:5      | Reached * piety under Sif Muna
  3997 | D:5      | Reached skill level 7 in Spellcasting
  5025 | D:6      | Reached XP level 8. HP: 26/42 MP: 9/20
  5173 | D:6      | Reached skill level 5 in Conjurations
  5440 | D:6      | Noticed Eustachio
  5444 | D:6      | Killed Eustachio
  5444 | D:6      | Reached ** piety under Sif Muna
  5611 | D:6      | Reached skill level 8 in Spellcasting
  6250 | D:6      | Reached skill level 9 in Spellcasting
  6462 | D:7      | Found Imuym's Distillery.
  6497 | D:7      | Found a flagged portal.
  6499 | D:7      | Reached *** piety under Sif Muna
  6510 | D:7      | Reached XP level 9. HP: 6/46 MP: 9/24
  6516 | Bailey   | Entered a bailey
  6798 | Bailey   | Noticed an orc warlord
  7216 | Bailey   | Found a runed gate.
  7217 | Bailey   | Found a runed gate.
  7218 | Bailey   | Found a runed gate.
  7582 | Bailey   | Mangled by an orc warlord

Vault maps used:
D:1:      grunt_arrival_crossed_arrows
D:2:      first_bread
D:3:      uniq_ijyb
D:4:      minmay_temple_entry_purple_smoke
D:6:      uniq_eustachio
D:7:      statuecave_lemuel, lemuel_doored_altar, enter_bailey_3, serial_shops,
          shop, grunt_ogre_cave, tgw_fedhas
Temple:   dpeg_three_leaves_temple
Bailey:   bailey_axe_bossmonster_kennysheep, bailey

Skill      XL: |  1  2  3  4  5  6  7  8  9 |
---------------+----------------------------+-----
Spellcasting   | 4 5 6 7 9 |  9.5
Fire Magic     | 4 5 6 7 8 |  8.0
Dodging        | 3 4 |  4.0
Conjurations   | 2 3 4 6 |  6.5
Stealth        | 3 4 |  4.3
Fighting       | |  0.7

Action                   |  1- 3 |  4- 6 |  7- 9 || total
-------------------------+-------+-------+-------++-------
Melee: Dagger            |       |       |    11 ||    11
 Cast: Flame Tongue      |    73 |   125 |   212 ||   410
       Throw Flame       |     2 |     2 |    22 ||    26
       Conjure Flame     |       |     2 |    12 ||    14
       Fireball          |       |       |    14 ||    14
  Use: Scroll            |     1 |       |    11 ||    12
       Potion            |     1 |       |       ||     1
  Eat: Chunk             |     1 |     5 |    16 ||    22
       Fruit             |       |       |     1 ||     1
Armor: Robe              |     4 |     9 |     5 ||    18
Dodge: Dodged            |    33 |    28 |    43 ||   104

Table legend:
 A = Spawn XP
 B = Non-spawn XP
 C = Spawn XP percentage of total XP
 D = Spawn monster count
 E = Non-spawn monster count
 F = Spawn count percentage of total count
 G = Total turns spent on level
                    A         B        C        D         E        F      G
               +---------+---------+-------+---------+---------+-------+---------
         Total |       0 |    3138 |   0.0 |       0 |     184 |   0.0 |  7582
               +---------+---------+-------+---------+---------+-------+---------
           D:1 |       0 |      55 |   0.0 |       0 |      25 |   0.0 |   843
           D:2 |       0 |      76 |   0.0 |       0 |      22 |   0.0 |   587
           D:3 |       0 |     114 |   0.0 |       0 |      35 |   0.0 |   856
           D:4 |       0 |     381 |   0.0 |       0 |      10 |   0.0 |  1072
           D:5 |       0 |     713 |   0.0 |       0 |      27 |   0.0 |  1594
           D:6 |       0 |    1264 |   0.0 |       0 |      31 |   0.0 |  1463
           D:7 |       0 |     223 |   0.0 |       0 |      10 |   0.0 |    84
        Bailey |       0 |     312 |   0.0 |       0 |      24 |   0.0 |  1066
               +---------+---------+-------+---------+---------+-------+---------
